 Dungeon Crawl Stone Soup version 0.20-a0-526-g753eaab (webtiles) character file.

236 kae the Ruffian (level 5, -3/42 HPs)
             Began as a Draconian Transmuter on Jan 26, 2017.
             Slain by Sigmund
             ... wielding a +3 scythe of protection
              (15 damage)
             ... on level 3 of the Dungeon.
             The game lasted 00:03:59 (2152 turns).

kae the Ruffian (Draconian Transmuter)              Turns: 2152, Time: 00:04:00

Health: -3/42      AC:  5    Str: 13    XL:     5   Next: 77%
Magic:  9/9        EV: 12    Int: 13    God:
Gold:   158        SH:  0    Dex: 12    Spells: 8/9 levels left

rFire    . . .     SeeInvis .     - Unarmed
rCold    . . .     Gourm    .   (armour unavailable)
rNeg     . . .     Faith    .   (no shield)
rPois    .         Spirit   .   (helmet restricted)
rElec    .         Reflect  .   (no cloak)
rCorr    .         Harm     .   (no gloves)
MR       .....                  (no boots)
Stlth    +.........             (no amulet)
Regen    0.2/turn               (no ring)
                                (no ring)

@: appendage (expiring)
A: unfitting armour, horns 2, cold-blooded, AC +5
a: End Transformation


You were on level 3 of the Dungeon.
You were not hungry.
You had grown temporary horns.
You visited 1 branch of the dungeon, and saw 3 of its levels.

You collected 158 gold pieces.

Inventory:

Missiles
 a - 42 arrows
Scrolls
 e - a scroll of remove curse
 f - a scroll of immolation {unknown}
 k - 2 scrolls of fog
Potions
 i - a potion of brilliance {unknown}
 j - a potion of agility
 l - a potion of beneficial mutation {unknown}
 m - a potion of degeneration {unknown}
Books
 b - a book of Changes

   Spells                             Type                      Level
   a - Beastly Appendage              Transmutation                1
   b - Sticks to Snakes               Transmutation                2
   c - Spider Form                    Transmutation/Poison         3
   d - Ice Form                       Ice/Transmutation            4
   e - Blade Hands                    Transmutation                5
Comestibles
 c - 3 bread rations
 g - a meat ration
 h - a royal jelly


   Skills:
 + Level 2.5 Fighting
 - Level 1.7 Dodging
 * Level 4.5 Unarmed Combat
 + Level 2.9 Spellcasting
 * Level 3.8 Transmutations


You had 8 spell levels left.
You knew the following spells:

 Your Spells              Type           Power        Failure   Level  Hunger
a - Beastly Appendage     Tmut           ##....       6%          1    #......


Dungeon Overview and Level Annotations

Branches:
Dungeon (3/15)

Altars:
Cheibriados
Kikubaaqudgha
Sif Muna
Yredelemnul

Annotations:
D:3 Sigmund


Innate Abilities, Weirdness & Mutations

Your plain brown scales are hard. (AC +5)
You cannot fit into any form of body armour.
You are cold-blooded and may be slowed by cold attacks.
You have a pair of horns on your head.


Message History

Sigmund gestures at you while chanting. The puff of flame hits you!
* * * LOW HITPOINT WARNING * * *
Sigmund hits you with a scythe of protection.
* * * LOW HITPOINT WARNING * * *
Okay, then.
You hit Sigmund. You headbutt Sigmund, but do no damage.
You punch Sigmund, but do no damage.
Sigmund is heavily wounded.
You barely miss Sigmund.
Sigmund is heavily wounded.
Sigmund points at you and mumbles some strange words.
The puff of flame hits you!
* * * LOW HITPOINT WARNING * * *
You feel better.
Sigmund casts a spell.
Sigmund flickers and vanishes!
Deactivating autopickup; reactivate with Ctrl-A.
You barely miss something. You headbutt something! Something hits you!
You die...

###...###............#
##....####..###.......#
##.#..#....## #.......#
.#.#.......## ###.#####
.....)......###...#
..................#
.#..........#.#.<.#
...........#..#...##
#..#.#.......#..@{.#
##..............[#.#
#..........#....#.#
##.......<...####.#
#..........## ..
#..........# . #..
......? ..... ...


There were no monsters in sight!

Vanquished Creatures
  The ghost of volk64 the Sneak, an amateur NaEn (D:3)
  Terence (D:2)
  2 adders
  2 worms (D:2)
  A dart slug (D:1)
  4 leopard geckos
  6 bats
  A giant cockroach (D:2)
  7 goblins
  5 hobgoblins
  4 jackals (D:3)
  A quokka (D:3)
  A ball python (D:2)
  3 frilled lizards
  5 kobolds
  5 rats
49 creatures vanquished.

Notes
Turn   | Place    | Note
-------+----------+-------------------------------------------
     0 | D:1      | kae the Draconian Transmuter began the quest for the Orb.
     0 | D:1      | Reached XP level 1. HP: 16/16 MP: 3/3
   170 | D:1      | Reached XP level 2. HP: 20/23 MP: 5/5
   592 | D:2      | Noticed Terence
   600 | D:2      | Killed Terence
   600 | D:2      | Reached XP level 3. HP: 28/28 MP: 4/6
  1200 | D:2      | Found a basalt altar of Yredelemnul.
  1399 | D:2      | Reached XP level 4. HP: 29/36 MP: 7/7
  1482 | D:2      | Found a faded altar of an unknown god.
  1482 | D:2      | Found a deep blue altar of Sif Muna.
  1487 | D:2      | Found a faded altar of an unknown god.
  1489 | D:2      | Found a snail-covered altar of Cheibriados.
  1490 | D:2      | Found an ancient bone altar of Kikubaaqudgha.
  1591 | D:3      | Noticed volk64's ghost (amateur NaEn)
  1616 | D:3      | Killed volk64's ghost
  1616 | D:3      | Reached skill level 4 in Unarmed Combat
  1616 | D:3      | Reached XP level 5. HP: 30/42 MP: 7/9
  2134 | D:3      | Noticed Sigmund
  2150 | D:3      | HP: 2/42 [Sigmund/puff of flame (7)]
  2152 | D:3      | Slain by Sigmund

Vault maps used:
D:1:      lightli_arrival_flooded_house
D:2:      chequers_temple_overflow_minitemple, yredelemnul_altar_generic,
          hangedman_glass_teeth, uniq_terence
D:3:      gammafunk_temple_overflow_claw, uniq_sigmund

Skill      XL: |  1  2  3  4 |
---------------+-------------+-----
Transmutations | 3 |  3.8
Fighting       | 2 |  2.5
Unarmed Combat | 4 |  4.5
Dodging        | |  1.7
Spellcasting   | |  2.9

Action                   |  1- 3 |  4- 6 || total
-------------------------+-------+-------++-------
Melee: Unarmed           |    88 |    78 ||   166
       Tailslap          |     6 |    12 ||    18
       Punch             |     1 |     3 ||     4
       Kick              |     3 |     2 ||     5
       Headbutt          |     1 |     5 ||     6
 Cast: Beastly Appendage |     8 |     5 ||    13
  Use: Potion            |     1 |     3 ||     4
       Scroll            |     4 |     3 ||     7
 Stab: Sleeping          |       |     1 ||     1
  Eat: Chunk             |     2 |     2 ||     4
Armor: Skin              |    35 |    14 ||    49
Dodge: Dodged            |    55 |    43 ||    98
